Please rotate your device to landscape mode for a better experience.
Login

Tampa Bay Lightning vs Ottawa Senators

Created - Saturday, April 25, 2026 at 15:23

Goals
1 2 3 T
Tampa Bay Lightning 0 1 0 1
Ottawa Senators 0 0 0 0
Shots
1 2 3 T
Tampa Bay Lightning 15 9 9 33
Ottawa Senators 7 9 8 24

GoalsPenalties
1st period
No Goal
Frank Vatrano (OTT) for High sticking (Minor) at 14:45
2nd period
1. Tampa Bay Lightning , Logan Stankoven 1 (Mackenzie Weegar 5, Zach Werenski 3) at 16:39
No Penalty
3rd period
No Goal
Tyler Seguin (TB ) for Roughing (Minor) at 1:56
Marcus Pettersson (OTT) for Slashing (Minor) at 12:41
Goalie Stats
Mackenzie Blackwood (TB ), 24 saves from 24 shots - (1.000), W, 1-1-1, 60:00 minutes
Kevin Lankinen (OTT), 32 saves from 33 shots - (0.970), L, 3-1-0, 60:00 minutes
3 StarsOfficial
1 - Mackenzie Blackwood (TB )
2 - Kevin Lankinen (OTT)
3 - Logan Stankoven (TB )
Referees : Unknown
Linesman : Unknown
Game Note
No Game Note
Finance
Level 1 -- Attendance: 6000 (100.00%) -- Ticket Income $600,000
Level 2 -- Attendance: 3746 (74.92%) -- Ticket Income $262,220
Level 3 -- Attendance: 1471 (73.55%) -- Ticket Income $70,608
Level 4 -- Attendance: 3513 (87.83%) -- Ticket Income $87,825
Luxury Box -- Attendance: 1000 (100.00%) -- Ticket Income $160,000
Game was played at the Canadian Tire Center.
Total Attendance: 15730 (87.39%)
Total Ticket Income: $1,180,653
Total Income: $1,180,653



Team Name Goals Shots Shots Attemp Shots Blocked PIM HIT PP PK FO%
Tampa Bay Lightning 1336122170 / 2 (0%)048%
Ottawa Senators 0245084190 / 1 (0%)052%

Tampa Bay Lightning
Player Name POS G A P +/- PIM HIT SHT SB MP PP MP PP SHT PK MP PK SHT FO% FOT
000000000:000:0000:0000% 0
000000000:000:0000:0000% 0
Alex TuchLW/RW0000004019:402:2311:2600% 1
Bowen ByramD0000000017:360:0000:5300% 0
Brandon HagelC/LW0000013017:501:3500:240100% 2
Brock FaberD0000010017:530:0000:5300% 0
Elias LindholmC/RW0000011016:420:0001:32058% 24
Jake GuentzelC/LW/RW0000021017:291:3500:03047% 17
Jesper BrattLW/RW0000004017:352:2320:0000% 1
Kirill KaprizovLW0000025016:541:3510:0900% 0
Logan StankovenC/RW101100207:500:0000:0000% 0
Luke HughesD0000021017:000:0000:0000% 0
Mackenzie WeegarD0111010023:011:3501:0600% 0
Mark StoneLW/RW0000004017:352:2300:0000% 1
Mikey AndersonD0000020118:060:0001:0600% 0
Nick FolignoC/LW/RW000100008:140:0000:24033% 12
Sebastian AhoC/LW/RW0000033017:352:2300:00054% 26
Stefan NoesenLW000100207:500:0000:0000% 1
Tyler SeguinC/RW0000223016:441:3520:0000% 2
Zach WerenskiD0111000122:262:2300:0000% 0
Ottawa Senators
Player Name POS G A P +/- PIM HIT SHT SB MP PP MP PP SHT PK MP PK SHT FO% FOT
000000000:000:0000:0000% 0
000000000:000:0000:0000% 0
Alexander WennbergC0000001118:250:4001:19052% 21
Anton LundellC0000010116:050:0002:32048% 23
Brent BurnsD000-1012219:480:4001:5900% 0
Cody CeciD000-1001019:010:0001:5200% 0
Conor GarlandRW0000001017:060:4000:00050% 2
Dylan HollowayLW0000012016:260:0000:0000% 0
Frank VatranoLW/RW0000222015:231:1910:0700% 0
Frederick GaudreauC/RW000001208:510:0002:32075% 8
Jamie OleksiakD0000030120:290:0002:0600% 0
Jani NymanC/RW000002007:131:1900:0000% 0
Joel FarabeeLW0000030013:330:0000:0000% 2
Kyle PalmieriC/RW000-1000019:041:1900:00040% 5
Marcus PetterssonD0000205220:070:4020:5700% 0
Mikael GranlundC000-1003020:090:4001:19050% 24
Mikael PyyhtiaLW000000105:540:0000:0000% 0
Morgan GeekieC/LW000-1013017:520:0000:070100% 2
Shayne GostisbehereD0000021016:001:1910:0000% 0
Thomas ChabotD0000020124:341:1901:0200% 0

Tampa Bay Lightning

5 vs 5 Forward
Line #Left WingCenterRight WingPHYDFOFWanted %Time %Time Play
1Jesper BrattSebastian AhoMark Stone0233128%15:12
2Brandon HagelJake GuentzelAlex Tuch0233129%15:34
3Kirill KaprizovElias LindholmTyler Seguin0322828%15:10
4Stefan NoesenNick FolignoLogan Stankoven1311015%7:50
5 vs 5 Defense
Line #DefenseDefensePHYDFOFWanted %Time %Time Play
1Zach WerenskiMackenzie Weegar0324037%20:03
2Mikey AndersonBowen Byram0413030%16:00
3Luke HughesBrock Faber0413032%17:00
4Bowen ByramMikey Anderson03201%0:43
Power Play Forward
Line #Left WingCenterRight WingPHYDFOFWanted %Time %Time Play
1Mark StoneSebastian AhoAlex Tuch0056060%2:23
2Brandon HagelJake GuentzelTyler Seguin0144040%1:35
Power Play Defense
Line #DefenseDefensePHYDFOFWanted %Time %Time Play
1Jesper BrattZach Werenski0146060%2:23
2Kirill KaprizovMackenzie Weegar0144040%1:35
Penalty Kill 4 Players Forward
Line #CenterWingPHYDFOFWanted %Time %Time Play
1Elias LindholmAlex Tuch0416080%1:35
2Nick FolignoBrandon Hagel0414020%0:24
Penalty Kill 4 Players Defense
Line #DefenseDefensePHYDFOFWanted %Time %Time Play
1Mikey AndersonMackenzie Weegar0506055%1:06
2Bowen ByramBrock Faber0504045%0:53
Penalty Kill 3 Players
Line #WingPHYDFOFWanted %Time %Time PlayDefenseDefensePHYDFOFWanted %Time %Time Play
1Elias Lindholm050600%0:00 Mikey AndersonMackenzie Weegar050600%0:00
2Nick Foligno050400%0:00 Bowen ByramBrock Faber050400%0:00
4 vs 4 Forward
Line #CenterWingPHYDFOFWanted %Time %Time Play
1Sebastian AhoMark Stone023600%0:00
2Jake GuentzelBrandon Hagel023400%0:00
4 vs 4 Defense
Line #DefensePHYDFOFWanted %Time %Time Play
1Zach WerenskiMackenzie Weegar032600%0:00
2Mikey AndersonBowen Byram032400%0:00
Last Minutes Offensive
Left WingCenterRight WingDefenseDefense
Brandon HagelSebastian AhoJake GuentzelZach WerenskiMark Stone
Last Minutes Defensive
Left WingCenterRight WingDefenseDefense
Brandon HagelElias LindholmAlex TuchMikey AndersonMackenzie Weegar
Time
Total ForwardTotal DefenseLast Minutes OffensiveLast Minutes Defensive
60:00 60:00 0:000:17
Extra Forwards
Normal PowerPlayPenalty Kill
Brandon Hagel, Tyler Seguin, Jake GuentzelElias Lindholm, Stefan NoesenAlex Tuch
Extra Defensemen
Normal PowerPlayPenalty Kill
Zach Werenski, Bowen Byram, Mikey AndersonBrock Faber, Zach WerenskiLuke Hughes
Penalty Shots
Alex Tuch, Jake Guentzel, Jesper Bratt, Tyler Seguin, Mark Stone
Goalie
Mackenzie Blackwood, Eric Comrie
Scratches
Zach Aston-Reese (Healthy), Brandt Clarke (Healthy), Ian Cole (Healthy)

Ottawa Senators

5 vs 5 Forward
Line #Left WingCenterRight WingPHYDFOFWanted %Time %Time Play
1Morgan GeekieMikael GranlundKyle Palmieri1223533%17:45
2Dylan HollowayAlexander WennbergConor Garland1223031%16:26
3Joel FarabeeAnton LundellFrank Vatrano1222525%13:33
4Mikael PyyhtiaFrederick GaudreauJani Nyman1221011%5:54
5 vs 5 Defense
Line #DefenseDefensePHYDFOFWanted %Time %Time Play
1Thomas ChabotMarcus Pettersson1223534%18:06
2Brent BurnsCody Ceci1223032%17:09
3Jamie OleksiakShayne Gostisbehere1222527%14:41
4Thomas ChabotJamie Oleksiak122107%3:42
Power Play Forward
Line #Left WingCenterRight WingPHYDFOFWanted %Time %Time Play
1Alexander WennbergMikael GranlundConor Garland1226034%0:40
2Frank VatranoKyle PalmieriJani Nyman1224066%1:19
Power Play Defense
Line #DefenseDefensePHYDFOFWanted %Time %Time Play
1Thomas ChabotShayne Gostisbehere1226066%1:19
2Brent BurnsMarcus Pettersson1224034%0:40
Penalty Kill 4 Players Forward
Line #CenterWingPHYDFOFWanted %Time %Time Play
1Anton LundellFrederick Gaudreau1226067%2:39
2Mikael GranlundAlexander Wennberg1224033%1:19
Penalty Kill 4 Players Defense
Line #DefenseDefensePHYDFOFWanted %Time %Time Play
1Marcus PetterssonJamie Oleksiak1226053%2:06
2Brent BurnsCody Ceci1224047%1:52
Penalty Kill 3 Players
Line #WingPHYDFOFWanted %Time %Time PlayDefenseDefensePHYDFOFWanted %Time %Time Play
1Anton Lundell122600%0:00 Marcus PetterssonJamie Oleksiak122600%0:00
2Frederick Gaudreau122400%0:00 Brent BurnsCody Ceci122400%0:00
4 vs 4 Forward
Line #CenterWingPHYDFOFWanted %Time %Time Play
1Morgan GeekieKyle Palmieri122600%0:00
2Mikael GranlundConor Garland122400%0:00
4 vs 4 Defense
Line #DefensePHYDFOFWanted %Time %Time Play
1Thomas ChabotMarcus Pettersson122600%0:00
2Brent BurnsCody Ceci122400%0:00
Last Minutes Offensive
Left WingCenterRight WingDefenseDefense
Frank VatranoMikael GranlundConor GarlandShayne GostisbehereThomas Chabot
Last Minutes Defensive
Left WingCenterRight WingDefenseDefense
Mikael PyyhtiaAnton LundellFrederick GaudreauJamie OleksiakMarcus Pettersson
Time
Total ForwardTotal DefenseLast Minutes OffensiveLast Minutes Defensive
60:00 60:00 0:250:00
Extra Forwards
Normal PowerPlayPenalty Kill
Kyle Palmieri, Morgan Geekie, Mikael GranlundConor Garland, Mikael GranlundAnton Lundell
Extra Defensemen
Normal PowerPlayPenalty Kill
Thomas Chabot, Marcus Pettersson, Cody CeciShayne Gostisbehere, Thomas ChabotJamie Oleksiak
Penalty Shots
Shayne Gostisbehere, Conor Garland, Mikael Granlund, Alexander Wennberg, Kyle Palmieri
Goalie
Kevin Lankinen, Charlie Lindgren
Scratches
OTT Cap Hit (Suspend), Spencer Martin (Healthy)


Play-by-Play

1st period


0:01 of 1st period - Sebastian Aho wins face-off versus Mikael Granlund in neutral zone.
0:09 of 1st period - Shot by Mikael Granlund.
0:09 of 1st period - Shot Misses the Net.
0:23 of 1st period - Shot by Mikael Granlund.
0:23 of 1st period - Shot Misses the Net.
0:29 of 1st period - Shot by Mark Stone.
0:29 of 1st period - Stopped by Kevin Lankinen without a rebound.
0:30 of 1st period - Jake Guentzel wins face-off versus Alexander Wennberg in Ottawa Senators zone.
1:09 of 1st period - Shot by Brandon Hagel.
1:09 of 1st period - Stopped by Kevin Lankinen with a rebound.
1:11 of 1st period - Shot by Jake Guentzel.
1:11 of 1st period - Deflect By Alex Tuch.
1:11 of 1st period - Stopped by Kevin Lankinen without a rebound.
1:12 of 1st period - Anton Lundell wins face-off versus Elias Lindholm in Ottawa Senators zone.
1:12 of 1st period - Anton Lundell is hit by Tyler Seguin.
1:38 of 1st period - Anton Lundell is hit by Kirill Kaprizov and loses puck.
2:57 of 1st period - Icing by Thomas Chabot.
2:58 of 1st period - Mikael Granlund wins face-off versus Mark Stone in Ottawa Senators zone.
3:28 of 1st period - Shot by Mikael Granlund.
3:28 of 1st period - Stopped by Mackenzie Blackwood without a rebound.
3:29 of 1st period - Brandon Hagel wins face-off versus Frederick Gaudreau in Tampa Bay Lightning zone.
3:38 of 1st period - Shot by Brandon Hagel.
3:38 of 1st period - Stopped by Kevin Lankinen with a rebound.
3:40 of 1st period - Shot by Jake Guentzel.
3:40 of 1st period - Shot Misses the Net.
3:42 of 1st period - Shot by Luke Hughes.
3:42 of 1st period - Shot Misses the Net.
3:50 of 1st period - Shot by Jake Guentzel.
3:50 of 1st period - Deflect By Brandon Hagel.
3:50 of 1st period - Shot Misses the Net.
3:52 of 1st period - Shot by Jake Guentzel.
3:52 of 1st period - Shot Blocked by Brent Burns.
3:54 of 1st period - Shot by Luke Hughes.
3:54 of 1st period - Stopped by Kevin Lankinen without a rebound.
3:55 of 1st period - Elias Lindholm wins face-off versus Alexander Wennberg in Ottawa Senators zone.
3:58 of 1st period - Shot by Kirill Kaprizov.
3:58 of 1st period - Stopped by Kevin Lankinen without a rebound.
3:59 of 1st period - Alexander Wennberg wins face-off versus Sebastian Aho in Ottawa Senators zone.
4:10 of 1st period - Shot by Conor Garland.
4:10 of 1st period - Stopped by Mackenzie Blackwood with a rebound.
4:12 of 1st period - Shot by Dylan Holloway.
4:12 of 1st period - Deflect By Alexander Wennberg.
4:12 of 1st period - Shot Misses the Net.
4:14 of 1st period - Shot by Marcus Pettersson.
4:14 of 1st period - Stopped by Mackenzie Blackwood without a rebound.
4:15 of 1st period - Elias Lindholm wins face-off versus Mikael Granlund in Tampa Bay Lightning zone.
5:56 of 1st period - Brandon Hagel is hit by Frederick Gaudreau and loses puck.
6:06 of 1st period - Icing by Brent Burns.
6:07 of 1st period - Frederick Gaudreau wins face-off versus Sebastian Aho in Ottawa Senators zone.
6:29 of 1st period - Shot by Sebastian Aho.
6:29 of 1st period - Stopped by Kevin Lankinen without a rebound.
6:30 of 1st period - Mikael Granlund wins face-off versus Nick Foligno in Ottawa Senators zone.
6:47 of 1st period - Shot by Mikael Granlund.
6:47 of 1st period - Shot Blocked by Mikey Anderson.
7:43 of 1st period - Conor Garland is hit by Luke Hughes.
7:45 of 1st period - Shot by Alexander Wennberg.
7:45 of 1st period - Stopped by Mackenzie Blackwood without a rebound.
7:46 of 1st period - Anton Lundell wins face-off versus Alex Tuch in Tampa Bay Lightning zone.
7:56 of 1st period - Off-side.
7:57 of 1st period - Alexander Wennberg wins face-off versus Elias Lindholm in neutral zone.
8:17 of 1st period - Elias Lindholm is hit by Shayne Gostisbehere.
8:39 of 1st period - Icing by Mackenzie Weegar.
8:40 of 1st period - Anton Lundell wins face-off versus Elias Lindholm in Tampa Bay Lightning zone.
8:46 of 1st period - Icing by Zach Werenski.
8:47 of 1st period - Elias Lindholm wins face-off versus Anton Lundell in Tampa Bay Lightning zone.
8:47 of 1st period - Elias Lindholm is hit by Frank Vatrano.
10:22 of 1st period - Icing by Brent Burns.
10:23 of 1st period - Mikael Granlund wins face-off versus Sebastian Aho in Ottawa Senators zone.
10:23 of 1st period - Mikael Granlund is hit by Sebastian Aho.
11:13 of 1st period - Icing by Dylan Holloway.
11:14 of 1st period - Alexander Wennberg wins face-off versus Elias Lindholm in Ottawa Senators zone.
11:31 of 1st period - Shot by Dylan Holloway.
11:31 of 1st period - Stopped by Mackenzie Blackwood without a rebound.
11:32 of 1st period - Nick Foligno wins face-off versus Joel Farabee in Tampa Bay Lightning zone.
11:32 of 1st period - Nick Foligno is hit by Joel Farabee.
11:47 of 1st period - Shot by Stefan Noesen.
11:47 of 1st period - Stopped by Kevin Lankinen without a rebound.
11:48 of 1st period - Frederick Gaudreau wins face-off versus Jake Guentzel in Ottawa Senators zone.
12:19 of 1st period - Off-side.
12:20 of 1st period - Sebastian Aho wins face-off versus Anton Lundell in neutral zone.
12:20 of 1st period - Sebastian Aho is hit by Joel Farabee.
12:23 of 1st period - Mark Stone is hit by Jamie Oleksiak and loses puck.
12:50 of 1st period - Icing by Luke Hughes.
12:51 of 1st period - Morgan Geekie wins face-off versus Sebastian Aho in Tampa Bay Lightning zone.
13:15 of 1st period - Icing by Brock Faber.
13:16 of 1st period - Sebastian Aho wins face-off versus Alexander Wennberg in Tampa Bay Lightning zone.
13:16 of 1st period - Sebastian Aho is hit by Dylan Holloway.
13:21 of 1st period - Off-side.
13:22 of 1st period - Alexander Wennberg wins face-off versus Tyler Seguin in neutral zone.
13:59 of 1st period - Shot by Conor Garland.
13:59 of 1st period - Shot Misses the Net.
14:01 of 1st period - Shot by Marcus Pettersson.
14:01 of 1st period - Stopped by Mackenzie Blackwood with a rebound.
14:11 of 1st period - Shot by Mikael Granlund.
14:11 of 1st period - Stopped by Mackenzie Blackwood without a rebound.
14:12 of 1st period - Brandon Hagel wins face-off versus Mikael Granlund in Tampa Bay Lightning zone.
14:35 of 1st period - Shot by Brandon Hagel.
14:35 of 1st period - Deflect By Alex Tuch.
14:35 of 1st period - Stopped by Kevin Lankinen without a rebound.
14:36 of 1st period - Sebastian Aho wins face-off versus Anton Lundell in Ottawa Senators zone.
14:36 of 1st period - Sebastian Aho is hit by Brent Burns.
14:45 of 1st period - Minor Penalty to Frank Vatrano for High sticking.
14:46 of 1st period - Anton Lundell wins face-off versus Sebastian Aho in Ottawa Senators zone.
14:59 of 1st period - Shot by Sebastian Aho.
14:59 of 1st period - Shot Blocked by Anton Lundell.
15:01 of 1st period - Shot by Jesper Bratt.
15:01 of 1st period - Stopped by Kevin Lankinen without a rebound.
15:02 of 1st period - Anton Lundell wins face-off versus Jake Guentzel in Ottawa Senators zone.
15:21 of 1st period - Shot by Kirill Kaprizov.
15:21 of 1st period - Stopped by Kevin Lankinen without a rebound.
15:22 of 1st period - Anton Lundell wins face-off versus Sebastian Aho in Ottawa Senators zone.
15:49 of 1st period - Shot by Jesper Bratt.
15:49 of 1st period - Stopped by Kevin Lankinen without a rebound.
15:50 of 1st period - Jake Guentzel wins face-off versus Mikael Granlund in Ottawa Senators zone.
16:21 of 1st period - Jamie Oleksiak is hit by Jake Guentzel and loses puck.
16:26 of 1st period - Shot by Brandon Hagel.
16:26 of 1st period - Shot Misses the Net.
16:28 of 1st period - Shot by Jake Guentzel.
16:28 of 1st period - Shot Misses the Net.
16:30 of 1st period - Shot by Tyler Seguin.
16:30 of 1st period - Stopped by Kevin Lankinen without a rebound.
16:31 of 1st period - Sebastian Aho wins face-off versus Anton Lundell in Ottawa Senators zone.
17:12 of 1st period - Shot by Logan Stankoven.
17:12 of 1st period - Stopped by Kevin Lankinen without a rebound.
17:13 of 1st period - Sebastian Aho wins face-off versus Alexander Wennberg in Ottawa Senators zone.
17:48 of 1st period - Shot by Cody Ceci.
17:48 of 1st period - Shot Misses the Net.
17:50 of 1st period - Shot by Brent Burns.
17:50 of 1st period - Shot Misses the Net.
18:14 of 1st period - Icing by Frank Vatrano.
18:15 of 1st period - Anton Lundell wins face-off versus Jake Guentzel in Ottawa Senators zone.
18:44 of 1st period - Luke Hughes is hit by Joel Farabee and loses puck.
19:04 of 1st period - Off-side.
19:05 of 1st period - Elias Lindholm wins face-off versus Mikael Granlund in neutral zone.
19:12 of 1st period - Shot by Kirill Kaprizov.
19:12 of 1st period - Stopped by Kevin Lankinen with a rebound.
19:21 of 1st period - Off-side.
19:22 of 1st period - Alexander Wennberg wins face-off versus Nick Foligno in neutral zone.
19:52 of 1st period - Icing by Thomas Chabot.
19:53 of 1st period - Alexander Wennberg wins face-off versus Elias Lindholm in Ottawa Senators zone.
19:55 of 1st period - Icing by Thomas Chabot.
19:56 of 1st period - Jake Guentzel wins face-off versus Alexander Wennberg in Ottawa Senators zone.
Goals for this period are 0 for Tampa Bay Lightning vs 0 for Ottawa Senators.
Shots for this period are 15 for Tampa Bay Lightning vs 7 for Ottawa Senators.

2nd period


0:01 of 2nd period - Mikael Granlund wins face-off versus Jake Guentzel in neutral zone.
0:15 of 2nd period - Icing by Alex Tuch.
0:16 of 2nd period - Jake Guentzel wins face-off versus Anton Lundell in Tampa Bay Lightning zone.
0:27 of 2nd period - Shot by Brandon Hagel.
0:27 of 2nd period - Stopped by Kevin Lankinen without a rebound.
0:28 of 2nd period - Mikael Granlund wins face-off versus Elias Lindholm in Ottawa Senators zone.
0:35 of 2nd period - Shot by Tyler Seguin.
0:35 of 2nd period - Shot Misses the Net.
1:04 of 2nd period - Kirill Kaprizov is hit by Thomas Chabot and loses puck.
1:48 of 2nd period - Shot by Sebastian Aho.
1:48 of 2nd period - Stopped by Kevin Lankinen without a rebound.
1:49 of 2nd period - Jake Guentzel wins face-off versus Alexander Wennberg in Ottawa Senators zone.
2:10 of 2nd period - Shot by Brandon Hagel.
2:10 of 2nd period - Deflect By Alex Tuch.
2:10 of 2nd period - Shot Blocked by Jamie Oleksiak.
2:29 of 2nd period - Off-side.
2:30 of 2nd period - Sebastian Aho wins face-off versus Anton Lundell in neutral zone.
2:43 of 2nd period - Shot by Sebastian Aho.
2:43 of 2nd period - Stopped by Kevin Lankinen without a rebound.
2:44 of 2nd period - Frederick Gaudreau wins face-off versus Elias Lindholm in Ottawa Senators zone.
2:44 of 2nd period - Frederick Gaudreau is hit by Elias Lindholm.
3:04 of 2nd period - Elias Lindholm is hit by Jani Nyman and loses puck.
3:35 of 2nd period - Icing by Thomas Chabot.
3:36 of 2nd period - Sebastian Aho wins face-off versus Joel Farabee in Ottawa Senators zone.
4:06 of 2nd period - Sebastian Aho is hit by Thomas Chabot and loses puck.
4:45 of 2nd period - Shot by Jake Guentzel.
4:45 of 2nd period - Deflect By Brandon Hagel.
4:45 of 2nd period - Shot Blocked by Brent Burns.
4:47 of 2nd period - Shot by Alex Tuch.
4:47 of 2nd period - Stopped by Kevin Lankinen without a rebound.
4:48 of 2nd period - Alexander Wennberg wins face-off versus Nick Foligno in Ottawa Senators zone.
4:56 of 2nd period - Off-side.
4:57 of 2nd period - Elias Lindholm wins face-off versus Mikael Granlund in neutral zone.
5:10 of 2nd period - Shot by Mikael Granlund.
5:10 of 2nd period - Shot Misses the Net.
5:16 of 2nd period - Shot by Morgan Geekie.
5:16 of 2nd period - Stopped by Mackenzie Blackwood without a rebound.
5:17 of 2nd period - Alexander Wennberg wins face-off versus Jake Guentzel in Tampa Bay Lightning zone.
5:18 of 2nd period - Shot by Dylan Holloway.
5:18 of 2nd period - Shot Misses the Net.
5:40 of 2nd period - Shot by Dylan Holloway.
5:40 of 2nd period - Shot Misses the Net.
5:48 of 2nd period - Shot by Dylan Holloway.
5:48 of 2nd period - Shot Misses the Net.
5:50 of 2nd period - Shot by Jamie Oleksiak.
5:50 of 2nd period - Shot Misses the Net.
6:45 of 2nd period - Icing by Brock Faber.
6:46 of 2nd period - Sebastian Aho wins face-off versus Anton Lundell in Tampa Bay Lightning zone.
6:46 of 2nd period - Sebastian Aho is hit by Anton Lundell.
8:17 of 2nd period - Shot by Marcus Pettersson.
8:17 of 2nd period - Stopped by Mackenzie Blackwood with a rebound.
8:25 of 2nd period - Shot by Frederick Gaudreau.
8:25 of 2nd period - Shot Hit the Post.
8:27 of 2nd period - Shot by Thomas Chabot.
8:27 of 2nd period - Deflect By Frederick Gaudreau.
8:27 of 2nd period - Stopped by Mackenzie Blackwood with a rebound.
8:29 of 2nd period - Shot by Marcus Pettersson.
8:29 of 2nd period - Shot Misses the Net.
8:31 of 2nd period - Shot by Mikael Pyyhtia.
8:31 of 2nd period - Stopped by Mackenzie Blackwood with a rebound.
8:37 of 2nd period - Shot by Frederick Gaudreau.
8:37 of 2nd period - Shot Misses the Net.
8:53 of 2nd period - Alex Tuch is hit by Jani Nyman and loses puck.
9:10 of 2nd period - Shot by Morgan Geekie.
9:10 of 2nd period - Deflect By Mikael Granlund.
9:10 of 2nd period - Shot Misses the Net.
9:16 of 2nd period - Shot by Kyle Palmieri.
9:16 of 2nd period - Shot Misses the Net.
9:18 of 2nd period - Shot by Cody Ceci.
9:18 of 2nd period - Shot Misses the Net.
9:22 of 2nd period - Shot by Morgan Geekie.
9:22 of 2nd period - Stopped by Mackenzie Blackwood without a rebound.
9:23 of 2nd period - Anton Lundell wins face-off versus Sebastian Aho in Tampa Bay Lightning zone.
10:02 of 2nd period - Jesper Bratt is hit by Frank Vatrano and loses puck.
10:35 of 2nd period - Shot by Nick Foligno.
10:35 of 2nd period - Deflect By Logan Stankoven.
10:35 of 2nd period - Shot Blocked by Marcus Pettersson.
11:36 of 2nd period - Icing by Mikael Granlund.
11:37 of 2nd period - Morgan Geekie wins face-off versus Jesper Bratt in Ottawa Senators zone.
12:00 of 2nd period - Shot by Conor Garland.
12:00 of 2nd period - Shot Misses the Net.
12:07 of 2nd period - Icing by Mikey Anderson.
12:08 of 2nd period - Frederick Gaudreau wins face-off versus Sebastian Aho in Tampa Bay Lightning zone.
12:37 of 2nd period - Shot by Brent Burns.
12:37 of 2nd period - Stopped by Mackenzie Blackwood without a rebound.
12:38 of 2nd period - Elias Lindholm wins face-off versus Alexander Wennberg in Tampa Bay Lightning zone.
13:23 of 2nd period - Icing by Luke Hughes.
13:24 of 2nd period - Elias Lindholm wins face-off versus Anton Lundell in Tampa Bay Lightning zone.
14:18 of 2nd period - Icing by Brent Burns.
14:19 of 2nd period - Mikael Granlund wins face-off versus Jake Guentzel in Ottawa Senators zone.
14:19 of 2nd period - Brent Burns is hit by Jake Guentzel and loses puck.
14:51 of 2nd period - Shot by Cody Ceci.
14:51 of 2nd period - Stopped by Mackenzie Blackwood with a rebound.
14:53 of 2nd period - Shot by Brent Burns.
14:53 of 2nd period - Stopped by Mackenzie Blackwood with a rebound.
15:13 of 2nd period - Dylan Holloway is hit by Mikey Anderson and loses puck.
15:27 of 2nd period - Dylan Holloway is hit by Mikey Anderson and loses puck.
15:35 of 2nd period - Jesper Bratt is hit by Jamie Oleksiak and loses puck.
15:49 of 2nd period - Icing by Mikey Anderson.
15:50 of 2nd period - Anton Lundell wins face-off versus Sebastian Aho in Tampa Bay Lightning zone.
16:13 of 2nd period - Shot by Frank Vatrano.
16:13 of 2nd period - Stopped by Mackenzie Blackwood without a rebound.
16:14 of 2nd period - Mikael Granlund wins face-off versus Nick Foligno in Tampa Bay Lightning zone.
16:39 of 2nd period - Shot by Logan Stankoven.
16:39 of 2nd period - Goal by Logan Stankoven - Tampa Bay Lightning : 1 - Ottawa Senators : 0.
16:40 of 2nd period - Anton Lundell wins face-off versus Jake Guentzel in neutral zone.
17:34 of 2nd period - Shot by Elias Lindholm.
17:34 of 2nd period - Stopped by Kevin Lankinen with a rebound.
17:36 of 2nd period - Shot by Tyler Seguin.
17:36 of 2nd period - Shot Misses the Net.
17:38 of 2nd period - Shot by Mackenzie Weegar.
17:38 of 2nd period - Shot Misses the Net.
17:56 of 2nd period - Shot by Tyler Seguin.
17:56 of 2nd period - Stopped by Kevin Lankinen without a rebound.
17:57 of 2nd period - Sebastian Aho wins face-off versus Alexander Wennberg in Ottawa Senators zone.
18:02 of 2nd period - Shot by Mark Stone.
18:02 of 2nd period - Shot Misses the Net.
18:20 of 2nd period - Shot by Jesper Bratt.
18:20 of 2nd period - Stopped by Kevin Lankinen without a rebound.
18:21 of 2nd period - Mikael Granlund wins face-off versus Nick Foligno in Ottawa Senators zone.
18:52 of 2nd period - Shot by Kyle Palmieri.
18:52 of 2nd period - Shot Blocked by Zach Werenski.
19:01 of 2nd period - Icing by Logan Stankoven.
19:02 of 2nd period - Alexander Wennberg wins face-off versus Nick Foligno in Tampa Bay Lightning zone.
19:52 of 2nd period - Shot by Brandon Hagel.
19:52 of 2nd period - Deflect By Jake Guentzel.
19:52 of 2nd period - Stopped by Kevin Lankinen without a rebound.
19:53 of 2nd period - Frederick Gaudreau wins face-off versus Sebastian Aho in Ottawa Senators zone.
19:53 of 2nd period - Frederick Gaudreau is hit by Sebastian Aho.
Goals for this period are 1 for Tampa Bay Lightning vs 0 for Ottawa Senators.
Shots for this period are 9 for Tampa Bay Lightning vs 9 for Ottawa Senators.

3rd period


0:01 of 3rd period - Jake Guentzel wins face-off versus Mikael Granlund in neutral zone.
0:57 of 3rd period - Icing by Brent Burns.
0:58 of 3rd period - Sebastian Aho wins face-off versus Alexander Wennberg in Ottawa Senators zone.
1:07 of 3rd period - Shot by Mark Stone.
1:07 of 3rd period - Stopped by Kevin Lankinen with a rebound.
1:39 of 3rd period - Shot by Mark Stone.
1:39 of 3rd period - Shot Misses the Net.
1:56 of 3rd period - Minor Penalty to Tyler Seguin for Roughing.
1:57 of 3rd period - Elias Lindholm wins face-off versus Kyle Palmieri in Tampa Bay Lightning zone.
2:28 of 3rd period - Shot by Shayne Gostisbehere.
2:28 of 3rd period - Stopped by Mackenzie Blackwood without a rebound.
2:29 of 3rd period - Mikael Granlund wins face-off versus Elias Lindholm in Tampa Bay Lightning zone.
2:34 of 3rd period - Shot by Marcus Pettersson.
2:34 of 3rd period - Stopped by Mackenzie Blackwood without a rebound.
2:35 of 3rd period - Elias Lindholm wins face-off versus Mikael Granlund in Tampa Bay Lightning zone.
2:41 of 3rd period - Icing by Alexander Wennberg.
2:42 of 3rd period - Elias Lindholm wins face-off versus Mikael Granlund in Ottawa Senators zone.
3:08 of 3rd period - Shot by Marcus Pettersson.
3:08 of 3rd period - Stopped by Mackenzie Blackwood without a rebound.
3:09 of 3rd period - Kyle Palmieri wins face-off versus Nick Foligno in Tampa Bay Lightning zone.
3:20 of 3rd period - Shot by Frank Vatrano.
3:20 of 3rd period - Stopped by Mackenzie Blackwood without a rebound.
3:21 of 3rd period - Elias Lindholm wins face-off versus Kyle Palmieri in Tampa Bay Lightning zone.
3:49 of 3rd period - Icing by Kyle Palmieri.
3:50 of 3rd period - Elias Lindholm wins face-off versus Kyle Palmieri in Ottawa Senators zone.
3:55 of 3rd period - Shot by Alex Tuch.
3:55 of 3rd period - Deflect By Elias Lindholm.
3:55 of 3rd period - Shot Misses the Net.
4:14 of 3rd period - Alexander Wennberg is hit by Luke Hughes and loses puck.
4:31 of 3rd period - Shot by Dylan Holloway.
4:31 of 3rd period - Stopped by Mackenzie Blackwood without a rebound.
4:32 of 3rd period - Nick Foligno wins face-off versus Mikael Granlund in Tampa Bay Lightning zone.
4:32 of 3rd period - Nick Foligno is hit by Morgan Geekie.
4:37 of 3rd period - Off-side.
4:38 of 3rd period - Nick Foligno wins face-off versus Anton Lundell in neutral zone.
4:49 of 3rd period - Shot by Stefan Noesen.
4:49 of 3rd period - Shot Misses the Net.
4:54 of 3rd period - Off-side.
4:55 of 3rd period - Jake Guentzel wins face-off versus Mikael Granlund in neutral zone.
4:58 of 3rd period - Jamie Oleksiak is hit by Brandon Hagel and loses puck.
5:08 of 3rd period - Shot by Morgan Geekie.
5:08 of 3rd period - Stopped by Mackenzie Blackwood without a rebound.
5:09 of 3rd period - Elias Lindholm wins face-off versus Alexander Wennberg in Tampa Bay Lightning zone.
5:18 of 3rd period - Shot by Kirill Kaprizov.
5:18 of 3rd period - Stopped by Kevin Lankinen without a rebound.
5:19 of 3rd period - Jake Guentzel wins face-off versus Mikael Granlund in Ottawa Senators zone.
7:51 of 3rd period - Shayne Gostisbehere is hit by Brock Faber and loses puck.
7:58 of 3rd period - Shot by Frederick Gaudreau.
7:58 of 3rd period - Stopped by Mackenzie Blackwood without a rebound.
7:59 of 3rd period - Kyle Palmieri wins face-off versus Stefan Noesen in Tampa Bay Lightning zone.
8:04 of 3rd period - Shot by Mikael Granlund.
8:04 of 3rd period - Shot Misses the Net.
8:06 of 3rd period - Shot by Mikael Granlund.
8:06 of 3rd period - Stopped by Mackenzie Blackwood without a rebound.
8:07 of 3rd period - Mikael Granlund wins face-off versus Jake Guentzel in Tampa Bay Lightning zone.
8:22 of 3rd period - Shot by Mikey Anderson.
8:22 of 3rd period - Shot Misses the Net.
9:10 of 3rd period - Shot by Stefan Noesen.
9:10 of 3rd period - Stopped by Kevin Lankinen without a rebound.
9:11 of 3rd period - Conor Garland wins face-off versus Sebastian Aho in Ottawa Senators zone.
9:38 of 3rd period - Shot by Sebastian Aho.
9:38 of 3rd period - Shot Blocked by Alexander Wennberg.
9:40 of 3rd period - Shot by Mark Stone.
9:40 of 3rd period - Stopped by Kevin Lankinen without a rebound.
9:41 of 3rd period - Elias Lindholm wins face-off versus Frederick Gaudreau in Ottawa Senators zone.
9:57 of 3rd period - Brent Burns is hit by Mackenzie Weegar and loses puck.
10:00 of 3rd period - Shot by Mikael Pyyhtia.
10:00 of 3rd period - Shot Misses the Net.
10:36 of 3rd period - Icing by Shayne Gostisbehere.
10:37 of 3rd period - Anton Lundell wins face-off versus Sebastian Aho in Ottawa Senators zone.
10:37 of 3rd period - Anton Lundell is hit by Sebastian Aho.
10:59 of 3rd period - Shot by Sebastian Aho.
10:59 of 3rd period - Shot Misses the Net.
12:00 of 3rd period - Off-side.
12:01 of 3rd period - Nick Foligno wins face-off versus Conor Garland in neutral zone.
12:23 of 3rd period - Off-side.
12:24 of 3rd period - Frederick Gaudreau wins face-off versus Elias Lindholm in neutral zone.
12:37 of 3rd period - Marcus Pettersson is hit by Tyler Seguin and loses puck.
12:41 of 3rd period - Minor Penalty to Marcus Pettersson for Slashing.
12:42 of 3rd period - Sebastian Aho wins face-off versus Anton Lundell in Ottawa Senators zone.
12:47 of 3rd period - Shot by Alex Tuch.
12:47 of 3rd period - Stopped by Kevin Lankinen without a rebound.
12:48 of 3rd period - Sebastian Aho wins face-off versus Anton Lundell in Ottawa Senators zone.
13:37 of 3rd period - Shot by Mackenzie Weegar.
13:37 of 3rd period - Shot Misses the Net.
13:39 of 3rd period - Shot by Jake Guentzel.
13:39 of 3rd period - Shot Misses the Net.
14:05 of 3rd period - Shot by Tyler Seguin.
14:05 of 3rd period - Stopped by Kevin Lankinen without a rebound.
14:06 of 3rd period - Sebastian Aho wins face-off versus Anton Lundell in Ottawa Senators zone.
15:16 of 3rd period - Icing by Thomas Chabot.
15:17 of 3rd period - Alexander Wennberg wins face-off versus Tyler Seguin in Ottawa Senators zone.
15:17 of 3rd period - Alexander Wennberg is hit by Kirill Kaprizov.
15:24 of 3rd period - Icing by Marcus Pettersson.
15:25 of 3rd period - Alexander Wennberg wins face-off versus Elias Lindholm in Ottawa Senators zone.
15:37 of 3rd period - Off-side.
15:38 of 3rd period - Mikael Granlund wins face-off versus Jake Guentzel in neutral zone.
17:17 of 3rd period - Shot by Jesper Bratt.
17:17 of 3rd period - Stopped by Kevin Lankinen with a rebound.
17:19 of 3rd period - Shot by Bowen Byram.
17:19 of 3rd period - Shot Blocked by Thomas Chabot.
17:21 of 3rd period - Shot by Mark Stone.
17:21 of 3rd period - Stopped by Kevin Lankinen with a rebound.
17:39 of 3rd period - Shot by Frederick Gaudreau.
17:39 of 3rd period - Shot Misses the Net.
17:51 of 3rd period - Shot by Elias Lindholm.
17:51 of 3rd period - Shot Misses the Net.
17:53 of 3rd period - Shot by Kirill Kaprizov.
17:53 of 3rd period - Stopped by Kevin Lankinen without a rebound.
17:54 of 3rd period - Mikael Granlund wins face-off versus Nick Foligno in Ottawa Senators zone.
18:10 of 3rd period - Shot by Morgan Geekie.
18:10 of 3rd period - Shot Misses the Net.
18:51 of 3rd period - Shot by Conor Garland.
18:51 of 3rd period - Shot Misses the Net.
18:53 of 3rd period - Shot by Jamie Oleksiak.
18:53 of 3rd period - Shot Misses the Net.
19:10 of 3rd period - Luke Hughes is hit by Jamie Oleksiak and loses puck.
19:25 of 3rd period - Luke Hughes is hit by Shayne Gostisbehere and loses puck.
19:52 of 3rd period - Shot by Alex Tuch.
19:52 of 3rd period - Shot Misses the Net.
19:54 of 3rd period - Shot by Brandon Hagel.
19:54 of 3rd period - Deflect By Jake Guentzel.
19:54 of 3rd period - Shot Misses the Net.
19:56 of 3rd period - Shot by Jake Guentzel.
19:56 of 3rd period - Deflect By Brandon Hagel.
19:56 of 3rd period - Shot Blocked by Marcus Pettersson.
19:58 of 3rd period - Shot by Alex Tuch.
19:58 of 3rd period - Shot Misses the Net.
Goals for this period are 0 for Tampa Bay Lightning vs 0 for Ottawa Senators.
Shots for this period are 9 for Tampa Bay Lightning vs 8 for Ottawa Senators.